[ PARTIDA AOE2 · #477330318 ]
UnrankedVietnamitas vs Franks
[ ANÁLISIS DE REPETICIÓN · EXTRAÍDO DE LA PARTIDA GRABADA ]
Feudal
10:09
Castillos
19:47
Imperial
45:21
| APM promedio | 22.3 |
| APM pico | 46 |
| eAPM promedio | 14.5 |
| Aldeanos / militares | 137 / 806 |
Foco
⚔️ 40.2% · 🌾 59.8%
Archer ×374 · Skirmisher ×241 · Knight ×86 · Scout Cavalry ×70 · Trade Cart ×43 · Petard ×12
Feudal
11:27
Castillos
22:44
Imperial
34:20
| APM promedio | 14.7 |
| APM pico | 54 |
| eAPM promedio | 9.4 |
| Aldeanos / militares | 101 / 238 |
Foco
⚔️ 47.4% · 🌾 52.6%
Scorpion ×121 · Skirmisher ×76 · Trade Cart ×45 · Knight ×27 · Battering Ram ×7 · Trebuchet (Packed) ×5
Feudal
—
Castillos
—
Imperial
—
| APM promedio | 25.9 |
| APM pico | 166 |
| eAPM promedio | 17.8 |
| Aldeanos / militares | 125 / 231 |
Foco
⚔️ 37.8% · 🌾 62.2%
Cavalry Archer ×181 · Trade Cart ×48 · Knight ×22 · Battering Ram ×5 · Hand Cannoneer ×5 · Battle Elephant ×5
Feudal
10:36
Castillos
24:52
Imperial
44:46
| APM promedio | 26.4 |
| APM pico | 58 |
| eAPM promedio | 14.0 |
| Aldeanos / militares | 96 / 246 |
Foco
⚔️ 49.8% · 🌾 50.2%
Camel Scout ×74 · Cavalry Archer ×61 · Janissary ×56 · Bombard Cannon ×28 · Scout Cavalry ×14 · Spearman ×11
Feudal
10:44
Castillos
33:10
Imperial
—
| APM promedio | 23.8 |
| APM pico | 59 |
| eAPM promedio | 9.8 |
| Aldeanos / militares | 88 / 161 |
Foco
⚔️ 45.0% · 🌾 55.0%
Archer ×115 · Skirmisher ×27 · Trade Cart ×15 · Rattan Archer ×8 · Mangonel ×6 · Militia ×2
Feudal
11:13
Castillos
30:30
Imperial
61:34
| APM promedio | 25.5 |
| APM pico | 51 |
| eAPM promedio | 21.7 |
| Aldeanos / militares | 172 / 544 |
Foco
⚔️ 48.9% · 🌾 51.1%
Spearman ×122 · Throwing Axeman ×120 · Skirmisher ×88 · Knight ×64 · Archer ×53 · Scout Cavalry ×50
Feudal
10:52
Castillos
22:40
Imperial
41:00
| APM promedio | 43.4 |
| APM pico | 457 |
| eAPM promedio | 33.2 |
| Aldeanos / militares | 290 / 654 |
Foco
⚔️ 33.1% · 🌾 66.9%
Scout Cavalry ×368 · Spearman ×166 · Knight ×82 · Janissary ×15 · Trebuchet (Packed) ×15 · Bombard Cannon ×6
Feudal
11:17
Castillos
36:44
Imperial
—
| APM promedio | 14.5 |
| APM pico | 92 |
| eAPM promedio | 12.5 |
| Aldeanos / militares | 78 / 169 |
Foco
⚔️ 49.6% · 🌾 50.4%
Skirmisher ×78 · War Elephant ×69 · Militia ×8 · Spearman ×8 · Trade Cart ×8 · Archer ×6
Mapa de la partida
Recursos iniciales + cada clic de construcción. Líneas = muros · curvas = relieve. ◆ oro · ⬟ piedra · ● bayas · ✦ reliquia · ◌ hueco del cierre
Tu base· Abierta — flanco sin cerrar
Base de 1609318730· Abierta — flanco sin cerrar
Base de Juhlyana13· Abierta — flanco sin cerrar
Base de jirluk· Abierta — flanco sin cerrar
Base de asd· Abierta — flanco sin cerrar
Base de imamess· Abierta — flanco sin cerrar
Base de humanizli· Abierta — flanco sin cerrar
Base de Faltyn· Abierta — flanco sin cerrar
Terreno inicial suavizado · ◌ = hueco del cierre detectado · pasá el cursor para detalles
Inputs por minuto
— DeNNy - - 1609318730
Build order — DeNNy
Primeras 150 de 519 acciones detectadas
| 0:01 | Crear | Villager (Male) |
| 0:01 | Crear | Villager (Male) |
| 0:01 | Crear | Villager (Male) |
| 0:02 | Crear | Villager (Male) |
| 0:02 | Construir | House |
| 0:04 | Construir | House |
| 1:48 | Construir | Lumber Camp |
| 1:54 | Crear | Villager (Male) |
| 1:54 | Crear | Villager (Male) |
| 2:39 | Crear | Villager (Male) |
| 2:39 | Crear | Villager (Male) |
| 2:55 | Crear | Villager (Male) |
| 2:58 | Crear | Villager (Male) |
| 3:16 | Construir | House |
| 3:46 | Crear | Villager (Male) |
| 4:09 | Crear | Villager (Male) |
| 4:09 | Crear | Villager (Male) |
| 5:04 | Crear | Villager (Male) |
| 5:43 | Crear | Villager (Male) |
| 5:43 | Crear | Villager (Male) |
| 5:54 | Construir | Mill |
| 6:08 | Crear | Villager (Male) |
| 6:08 | Crear | Villager (Male) |
| 6:11 | Investigar | Loom |
| 6:25 | Crear | Villager (Male) |
| 6:25 | Crear | Villager (Male) |
| 6:40 | Crear | Villager (Male) |
| 6:40 | Crear | Villager (Male) |
| 7:10 | Construir | House |
| 7:26 | Crear | Villager (Male) |
| 7:59 | Investigar | Feudal Age |
| 8:40 | Construir | Barracks |
| 9:17 | Crear | Villager (Male) |
| 9:25 | Construir | House |
| 9:28 | Construir | House |
| 9:32 | Crear | Villager (Male) |
| 9:52 | Crear | Villager (Male) |
| 9:52 | Crear | Villager (Male) |
| 10:09 | Edad | Edad Feudal |
| 10:28 | Construir | Blacksmith |
| 10:39 | Construir | Market |
| 10:46 | Investigar | Horse Collar |
| 10:52 | Investigar | Double-Bit Axe |
| 11:14 | Crear | Villager (Male) |
| 11:54 | Construir | Mining Camp |
| 11:57 | Crear | Villager (Male) |
| 11:58 | Crear | Villager (Male) |
| 12:05 | Construir | Farm |
| 12:05 | Construir | Farm |
| 12:06 | Construir | Farm |
| 12:06 | Construir | Farm |
| 12:06 | Construir | Farm |
| 12:17 | Crear | Spearman |
| 12:17 | Crear | Spearman |
| 12:41 | Crear | Villager (Male) |
| 12:53 | Crear | Villager (Male) |
| 13:25 | Construir | Farm |
| 13:26 | Construir | Farm |
| 13:26 | Construir | Farm |
| 13:26 | Construir | Farm |
| 13:37 | Crear | Villager (Male) |
| 13:46 | Construir | House |
| 13:48 | Construir | House |
| 13:55 | Crear | Villager (Male) |
| 14:07 | Construir | Farm |
| 14:56 | Crear | Villager (Male) |
| 14:56 | Crear | Villager (Male) |
| 15:00 | Construir | House |
| 15:04 | Construir | House |
| 15:11 | Construir | Palisade Wall |
| 15:15 | Crear | Villager (Male) |
| 15:15 | Crear | Villager (Male) |
| 15:44 | Crear | Villager (Male) |
| 15:50 | Construir | Farm |
| 15:50 | Construir | Farm |
| 15:50 | Construir | Farm |
| 15:50 | Construir | Farm |
| 15:51 | Construir | Farm |
| 15:51 | Construir | Farm |
| 16:17 | Crear | Villager (Male) |
| 16:37 | Construir | House |
| 16:39 | Construir | Palisade Wall |
| 16:42 | Crear | Villager (Male) |
| 17:02 | Investigar | Castle Age |
| 17:11 | Construir | Archery Range |
| 17:19 | Construir | Archery Range |
| 18:27 | Construir | Farm |
| 18:33 | Crear | Archer ×5 |
| 18:33 | Crear | Archer ×5 |
| 18:34 | Crear | Archer ×2 |
| 18:47 | Construir | Mining Camp |
| 19:01 | Investigar | Fletching |
| 19:02 | Investigar | Padded Archer Armor |
| 19:07 | Crear | Archer |
| 19:07 | Crear | Archer |
| 19:16 | Crear | Villager (Male) |
| 19:16 | Crear | Villager (Male) |
| 19:47 | Edad | Edad de los Castillos |
| 19:49 | Investigar | Crossbowman (upgrade) |
| 19:50 | Crear | Archer |
| 19:50 | Crear | Archer |
| 19:50 | Crear | Archer |
| 20:06 | Crear | Archer |
| 20:07 | Crear | Archer |
| 20:34 | Investigar | Crossbowman (upgrade) |
| 20:40 | Investigar | Thumb Ring |
| 20:41 | Crear | Archer ×5 |
| 20:41 | Crear | Archer ×5 |
| 20:41 | Crear | Archer ×5 |
| 20:41 | Crear | Archer |
| 20:54 | Crear | Villager (Male) |
| 20:54 | Crear | Villager (Male) |
| 21:19 | Crear | Archer |
| 21:22 | Crear | Spearman |
| 21:22 | Crear | Spearman |
| 21:27 | Crear | Archer |
| 21:27 | Crear | Archer |
| 21:27 | Crear | Archer |
| 21:28 | Crear | Villager (Male) |
| 21:28 | Crear | Villager (Male) |
| 22:12 | Crear | Villager (Male) |
| 22:12 | Crear | Villager (Male) |
| 22:12 | Crear | Villager (Male) |
| 22:36 | Construir | Town Center |
| 22:49 | Crear | Villager (Male) |
| 22:50 | Crear | Villager (Male) |
| 23:43 | Crear | Villager (Male) |
| 23:43 | Crear | Villager (Male) |
| 23:43 | Crear | Villager (Male) |
| 24:30 | Crear | Villager (Male) |
| 24:30 | Crear | Villager (Male) |
| 24:31 | Crear | Villager (Male) |
| 24:55 | Crear | Villager (Male) |
| 24:55 | Crear | Villager (Male) |
| 24:55 | Crear | Villager (Male) |
| 24:57 | Crear | Archer ×5 |
| 24:58 | Crear | Archer ×5 |
| 24:58 | Crear | Archer ×5 |
| 25:37 | Construir | Lumber Camp |
| 25:48 | Crear | Villager (Male) |
| 25:49 | Crear | Villager (Male) |
| 25:57 | Construir | House |
| 25:59 | Construir | House |
| 26:01 | Construir | House |
| 26:03 | Construir | House |
| 26:06 | Construir | House |
| 26:08 | Construir | House |
| 26:23 | Crear | Villager (Male) |
| 26:23 | Crear | Villager (Male) |
| 26:23 | Crear | Villager (Male) |
Build order — 1609318730
Primeras 150 de 550 acciones detectadas
| 0:08 | Crear | Villager (Male) |
| 0:09 | Investigar | Loom |
| 0:10 | Crear | Villager (Male) |
| 0:10 | Crear | Villager (Male) |
| 0:11 | Crear | Villager (Male) |
| 0:36 | Construir | House |
| 0:58 | Construir | House |
| 1:04 | Construir | House |
| 1:43 | Construir | House |
| 2:04 | Crear | Villager (Male) |
| 2:22 | Construir | House |
| 2:26 | Construir | House |
| 2:47 | Crear | Villager (Male) |
| 3:16 | Crear | Villager (Male) |
| 3:25 | Construir | Mill |
| 3:34 | Crear | Villager (Male) |
| 4:12 | Crear | Villager (Male) |
| 4:22 | Crear | Villager (Male) |
| 5:05 | Crear | Villager (Male) |
| 5:08 | Crear | Villager (Male) |
| 5:28 | Crear | Villager (Male) |
| 5:30 | Crear | Villager (Male) |
| 5:51 | Crear | Villager (Male) |
| 5:54 | Crear | Villager (Male) |
| 6:24 | Crear | Villager (Male) |
| 7:48 | Crear | Villager (Male) |
| 7:49 | Crear | Villager (Male) |
| 8:08 | Construir | Mining Camp |
| 8:18 | Crear | Villager (Male) |
| 8:27 | Crear | Villager (Male) |
| 8:33 | Crear | Villager (Male) |
| 8:54 | Investigar | Feudal Age |
| 9:04 | Construir | Mining Camp |
| 9:41 | Construir | Farm |
| 10:47 | Construir | Lumber Camp |
| 11:27 | Edad | Edad Feudal |
| 11:29 | Investigar | Wheelbarrow |
| 12:03 | Investigar | Stone Mining |
| 12:06 | Investigar | Double-Bit Axe |
| 12:32 | Construir | Stone Wall |
| 12:39 | Construir | Gate |
| 12:45 | Crear | Villager (Male) |
| 12:45 | Crear | Villager (Male) |
| 12:46 | Crear | Villager (Male) |
| 12:58 | Investigar | Gold Mining |
| 13:40 | Crear | Villager (Male) |
| 13:41 | Crear | Villager (Male) |
| 13:47 | Construir | Barracks |
| 14:07 | Construir | Farm |
| 15:07 | Construir | Mill |
| 15:15 | Construir | Farm |
| 15:19 | Crear | Villager (Male) |
| 15:19 | Crear | Villager (Male) |
| 15:20 | Crear | Villager (Male) |
| 15:27 | Construir | Archery Range |
| 16:26 | Construir | Stable |
| 16:30 | Crear | Villager (Male) |
| 16:30 | Crear | Villager (Male) |
| 16:41 | Construir | Farm |
| 16:59 | Construir | House |
| 17:23 | Construir | House |
| 17:24 | Construir | House |
| 17:28 | Construir | House |
| 17:33 | Construir | House |
| 17:35 | Construir | House |
| 17:48 | Construir | Farm |
| 17:49 | Construir | Farm |
| 17:52 | Crear | Villager (Male) |
| 17:52 | Crear | Villager (Male) |
| 17:59 | Crear | Villager (Male) |
| 18:06 | Crear | Villager (Male) |
| 18:08 | Crear | Villager (Male) |
| 18:08 | Crear | Villager (Male) |
| 18:25 | Construir | Farm |
| 18:50 | Construir | Farm |
| 19:15 | Construir | Farm |
| 19:35 | Construir | Farm |
| 19:39 | Crear | Villager (Male) |
| 19:46 | Construir | Farm |
| 19:51 | Investigar | Castle Age |
| 20:16 | Construir | Farm |
| 20:44 | Construir | Stone Wall |
| 20:54 | Construir | Gate |
| 21:23 | Construir | Stone Wall |
| 21:34 | Construir | Gate |
| 21:54 | Construir | Farm |
| 21:56 | Construir | Farm |
| 21:58 | Construir | Farm |
| 22:01 | Construir | Farm |
| 22:02 | Construir | Farm |
| 22:05 | Construir | Farm |
| 22:06 | Construir | Farm |
| 22:07 | Construir | Farm |
| 22:44 | Edad | Edad de los Castillos |
| 22:48 | Investigar | Husbandry |
| 22:52 | Investigar | Bow Saw |
| 22:55 | Investigar | Hand Cart |
| 23:00 | Investigar | Gold Shaft Mining |
| 23:41 | Investigar | Elite Skirmisher (upgrade) |
| 23:44 | Crear | Skirmisher |
| 23:45 | Crear | Skirmisher |
| 23:45 | Crear | Skirmisher |
| 23:46 | Crear | Skirmisher |
| 23:46 | Crear | Skirmisher |
| 23:46 | Crear | Skirmisher |
| 23:46 | Crear | Skirmisher |
| 24:15 | Construir | House |
| 24:23 | Construir | House |
| 24:25 | Construir | House |
| 24:31 | Crear | Villager (Male) |
| 24:31 | Crear | Villager (Male) |
| 24:31 | Crear | Villager (Male) |
| 24:32 | Crear | Villager (Male) |
| 24:33 | Crear | Villager (Male) |
| 24:34 | Crear | Villager (Male) |
| 24:49 | Construir | Mining Camp |
| 25:34 | Crear | Villager (Male) |
| 25:34 | Crear | Villager (Male) |
| 26:05 | Construir | Town Center |
| 27:01 | Construir | Castle |
| 27:35 | Construir | Monastery |
| 27:46 | Crear | Knight |
| 27:47 | Crear | Knight |
| 27:47 | Crear | Knight |
| 27:49 | Crear | Knight |
| 27:50 | Crear | Knight |
| 27:50 | Crear | Knight |
| 28:06 | Crear | Skirmisher |
| 28:06 | Crear | Skirmisher |
| 28:07 | Crear | Skirmisher |
| 28:07 | Crear | Skirmisher |
| 28:07 | Crear | Skirmisher |
| 28:07 | Crear | Skirmisher |
| 28:08 | Crear | Skirmisher |
| 28:09 | Crear | Skirmisher |
| 28:16 | Crear | Skirmisher |
| 28:16 | Crear | Skirmisher |
| 28:17 | Crear | Skirmisher |
| 28:17 | Crear | Skirmisher |
| 28:17 | Crear | Skirmisher |
| 28:17 | Crear | Skirmisher |
| 28:18 | Crear | Skirmisher |
| 28:18 | Crear | Skirmisher |
| 28:27 | Construir | Farm |
| 28:40 | Crear | Villager (Male) |
| 28:40 | Crear | Villager (Male) |
| 28:41 | Crear | Villager (Male) |
| 28:41 | Crear | Villager (Male) |
| 28:46 | Crear | Villager (Male) |
| 28:46 | Crear | Villager (Male) |
Build order — Juhlyana13
Primeras 150 de 605 acciones detectadas
| 0:03 | Construir | House |
| 0:05 | Construir | House |
| 0:06 | Crear | Villager (Male) |
| 0:07 | Crear | Villager (Male) |
| 0:07 | Crear | Villager (Male) |
| 0:07 | Crear | Villager (Male) |
| 0:07 | Crear | Villager (Male) |
| 1:11 | Investigar | Loom |
| 2:05 | Crear | Villager (Male) |
| 2:06 | Crear | Villager (Male) |
| 2:41 | Crear | Villager (Male) |
| 2:47 | Construir | Mill |
| 3:22 | Crear | Villager (Male) |
| 3:48 | Crear | Villager (Male) |
| 4:01 | Construir | House |
| 4:16 | Crear | Villager (Male) |
| 4:42 | Crear | Villager (Male) |
| 4:44 | Construir | Farm |
| 5:06 | Crear | Villager (Male) |
| 5:30 | Crear | Villager (Male) |
| 5:50 | Construir | House |
| 5:55 | Crear | Villager (Male) |
| 6:00 | Construir | Farm |
| 6:31 | Construir | Lumber Camp |
| 6:35 | Crear | Villager (Male) |
| 7:00 | Crear | Villager (Male) |
| 7:24 | Crear | Villager (Male) |
| 7:28 | Construir | Farm |
| 7:50 | Crear | Villager (Male) |
| 8:15 | Crear | Villager (Male) |
| 8:19 | Construir | Farm |
| 8:38 | Crear | Villager (Male) |
| 9:06 | Investigar | Feudal Age |
| 9:17 | Construir | Mining Camp |
| 11:20 | Investigar | Wheelbarrow |
| 11:21 | Investigar | Horse Collar |
| 11:24 | Investigar | Double-Bit Axe |
| 11:28 | Construir | House |
| 11:37 | Construir | Stable |
| 11:52 | Crear | Villager (Male) |
| 11:56 | Crear | Villager (Male) |
| 12:10 | Construir | House |
| 13:20 | Crear | Villager (Male) |
| 13:29 | Crear | Villager (Male) |
| 13:32 | Crear | Scout Cavalry |
| 14:06 | Crear | Villager (Male) |
| 14:26 | Crear | Villager (Male) |
| 15:06 | Crear | Villager (Male) |
| 15:12 | Construir | Farm |
| 15:14 | Construir | Farm |
| 15:15 | Construir | Farm |
| 15:16 | Construir | Farm |
| 15:17 | Construir | Farm |
| 15:18 | Construir | Farm |
| 15:37 | Construir | House |
| 15:42 | Crear | Villager (Male) |
| 15:53 | Construir | Mining Camp |
| 16:12 | Investigar | Castle Age |
| 16:29 | Construir | Archery Range |
| 16:37 | Construir | House |
| 17:02 | Investigar | Bloodlines |
| 17:02 | Crear | Scout Cavalry |
| 17:21 | Construir | Blacksmith |
| 18:55 | Construir | Town Center |
| 19:02 | Construir | Town Center |
| 19:12 | Crear | Villager (Male) |
| 19:12 | Crear | Villager (Male) |
| 19:13 | Crear | Villager (Male) |
| 19:32 | Crear | Knight |
| 19:34 | Crear | Battle Elephant |
| 19:36 | Investigar | Husbandry |
| 19:55 | Construir | Town Center |
| 20:06 | Investigar | Scale Barding Armor |
| 20:09 | Crear | Villager (Male) |
| 21:18 | Crear | Knight |
| 21:25 | Crear | Skirmisher |
| 21:32 | Crear | Villager (Male) |
| 21:33 | Crear | Villager (Male) |
| 21:37 | Crear | Villager (Male) |
| 21:37 | Crear | Villager (Male) |
| 21:43 | Crear | Villager (Male) |
| 21:43 | Crear | Villager (Male) |
| 21:52 | Investigar | Bow Saw |
| 22:18 | Construir | Farm |
| 22:34 | Crear | Villager (Male) |
| 22:34 | Crear | Villager (Male) |
| 22:38 | Construir | Farm |
| 22:50 | Investigar | Padded Archer Armor |
| 23:30 | Crear | Knight |
| 23:38 | Crear | Archer |
| 23:39 | Crear | Archer |
| 23:45 | Construir | Farm |
| 23:50 | Construir | Farm |
| 23:51 | Construir | Farm |
| 23:59 | Crear | Knight |
| 24:07 | Investigar | Forging |
| 24:51 | Crear | Villager (Male) |
| 24:51 | Crear | Villager (Male) |
| 24:51 | Crear | Villager (Male) |
| 25:21 | Investigar | Fletching |
| 25:31 | Crear | Villager (Male) |
| 25:31 | Crear | Villager (Male) |
| 25:32 | Crear | Villager (Male) |
| 25:32 | Crear | Villager (Male) |
| 25:34 | Construir | Farm |
| 25:47 | Crear | Knight |
| 25:48 | Crear | Knight |
| 26:13 | Crear | Archer |
| 27:13 | Construir | Stable |
| 27:14 | Construir | Stable |
| 27:16 | Construir | Stable |
| 27:20 | Construir | Stable |
| 27:24 | Crear | Villager (Male) |
| 27:24 | Crear | Villager (Male) |
| 27:24 | Crear | Villager (Male) |
| 27:27 | Construir | Farm |
| 27:38 | Construir | Farm |
| 27:45 | Investigar | Stone Mining |
| 27:49 | Crear | Villager (Male) |
| 28:00 | Crear | Knight |
| 28:01 | Crear | Knight |
| 28:59 | Crear | Battle Elephant |
| 28:59 | Crear | Battle Elephant |
| 29:11 | Crear | Skirmisher |
| 30:00 | Crear | Battle Elephant |
| 30:01 | Crear | Battle Elephant |
| 30:17 | Construir | Siege Workshop |
| 30:29 | Construir | Mining Camp |
| 30:32 | Crear | Villager (Male) |
| 30:32 | Crear | Villager (Male) |
| 30:33 | Crear | Villager (Male) |
| 30:42 | Investigar | Hand Cart |
| 31:20 | Construir | Siege Workshop |
| 31:43 | Construir | Mining Camp |
| 31:55 | Crear | Villager (Male) |
| 31:56 | Crear | Villager (Male) |
| 31:56 | Crear | Villager (Male) |
| 32:13 | Investigar | Gold Mining |
| 32:20 | Crear | Villager (Male) |
| 32:21 | Crear | Villager (Male) |
| 32:25 | Crear | Villager (Male) |
| 32:25 | Crear | Villager (Male) |
| 32:49 | Crear | Villager (Male) |
| 32:49 | Crear | Villager (Male) |
| 32:52 | Crear | Villager (Male) |
| 32:53 | Crear | Villager (Male) |
| 32:57 | Crear | Villager (Male) |
| 32:57 | Crear | Villager (Male) |
| 33:45 | Construir | House |
| 33:47 | Construir | House |
Build order — jirluk
Primeras 150 de 486 acciones detectadas
| 0:01 | Crear | Villager (Male) |
| 0:01 | Crear | Villager (Male) |
| 0:01 | Crear | Villager (Male) |
| 0:03 | Construir | House |
| 0:04 | Construir | House |
| 0:31 | Crear | Villager (Male) |
| 0:31 | Crear | Villager (Male) |
| 1:27 | Crear | Villager (Male) |
| 1:55 | Crear | Villager (Male) |
| 2:34 | Crear | Villager (Male) |
| 2:34 | Crear | Villager (Male) |
| 2:57 | Crear | Villager (Male) |
| 3:03 | Crear | Villager (Male) |
| 3:32 | Construir | House |
| 3:34 | Construir | House |
| 3:37 | Crear | Villager (Male) |
| 3:54 | Construir | Mill |
| 4:09 | Crear | Villager (Male) |
| 4:53 | Crear | Villager (Male) |
| 5:18 | Crear | Villager (Male) |
| 5:29 | Crear | Villager (Male) |
| 5:54 | Crear | Villager (Male) |
| 6:16 | Construir | Lumber Camp |
| 6:27 | Crear | Villager (Male) |
| 6:59 | Crear | Villager (Male) |
| 7:00 | Crear | Villager (Male) |
| 7:10 | Investigar | Loom |
| 7:36 | Crear | Villager (Male) |
| 7:56 | Construir | Barracks |
| 8:02 | Construir | House |
| 8:26 | Investigar | Feudal Age |
| 9:00 | Construir | House |
| 9:01 | Construir | House |
| 9:39 | Crear | Villager (Male) |
| 9:39 | Crear | Villager (Male) |
| 10:06 | Construir | Lumber Camp |
| 10:16 | Construir | Mining Camp |
| 10:36 | Edad | Edad Feudal |
| 10:39 | Construir | Stable |
| 10:46 | Investigar | Horse Collar |
| 10:48 | Investigar | Double-Bit Axe |
| 11:07 | Crear | Villager (Male) |
| 11:11 | Construir | Farm |
| 11:23 | Crear | Villager (Male) |
| 11:34 | Crear | Scout Cavalry |
| 11:35 | Crear | Scout Cavalry |
| 11:41 | Construir | Farm |
| 11:45 | Construir | Farm |
| 12:03 | Construir | Farm |
| 12:17 | Construir | Farm |
| 12:20 | Crear | Villager (Male) |
| 12:20 | Crear | Villager (Male) |
| 12:22 | Crear | Scout Cavalry |
| 12:48 | Crear | Villager (Male) |
| 12:51 | Construir | Farm |
| 13:03 | Crear | Scout Cavalry |
| 13:12 | Construir | Farm |
| 13:35 | Crear | Villager (Male) |
| 13:39 | Construir | Farm |
| 14:02 | Crear | Villager (Male) |
| 14:04 | Construir | Farm |
| 14:20 | Construir | House |
| 14:22 | Construir | House |
| 14:35 | Crear | Spearman |
| 14:35 | Crear | Spearman |
| 14:38 | Construir | Farm |
| 14:39 | Crear | Villager (Male) |
| 14:39 | Crear | Villager (Male) |
| 15:34 | Construir | Farm |
| 15:36 | Investigar | Wheelbarrow |
| 15:36 | Crear | Villager (Male) |
| 15:37 | Crear | Villager (Male) |
| 16:26 | Crear | Spearman |
| 16:26 | Crear | Spearman |
| 17:09 | Crear | Scout Cavalry |
| 17:09 | Crear | Scout Cavalry |
| 17:18 | Construir | Farm |
| 17:19 | Construir | Farm |
| 17:20 | Construir | Farm |
| 17:21 | Construir | Farm |
| 17:25 | Construir | Farm |
| 17:27 | Construir | Farm |
| 17:37 | Crear | Villager (Male) |
| 17:41 | Crear | Scout Cavalry |
| 17:42 | Crear | Scout Cavalry |
| 18:24 | Crear | Villager (Male) |
| 18:28 | Crear | Spearman |
| 18:29 | Crear | Spearman |
| 18:29 | Crear | Spearman |
| 18:29 | Crear | Spearman |
| 19:52 | Crear | Villager (Male) |
| 19:56 | Crear | Scout Cavalry |
| 19:56 | Crear | Scout Cavalry |
| 20:52 | Crear | Spearman |
| 20:52 | Crear | Spearman |
| 20:52 | Crear | Spearman |
| 21:13 | Investigar | Town Watch |
| 21:28 | Construir | Archery Range |
| 21:39 | Construir | Mining Camp |
| 22:12 | Investigar | Castle Age |
| 22:18 | Crear | Scout Cavalry |
| 22:18 | Crear | Scout Cavalry |
| 22:18 | Crear | Scout Cavalry |
| 22:19 | Crear | Scout Cavalry |
| 23:20 | Crear | Villager (Male) |
| 23:20 | Crear | Villager (Male) |
| 23:34 | Construir | Blacksmith |
| 23:42 | Investigar | Bloodlines |
| 24:33 | Crear | Villager (Male) |
| 24:33 | Crear | Villager (Male) |
| 24:46 | Construir | House |
| 24:47 | Construir | House |
| 24:52 | Edad | Edad de los Castillos |
| 24:55 | Crear | Cavalry Archer |
| 24:55 | Crear | Cavalry Archer |
| 24:56 | Crear | Cavalry Archer |
| 24:56 | Crear | Cavalry Archer |
| 24:58 | Investigar | Hand Cart |
| 26:07 | Investigar | Heavy Plow |
| 26:09 | Investigar | Bow Saw |
| 26:25 | Crear | Camel Scout |
| 26:25 | Crear | Camel Scout |
| 26:25 | Crear | Camel Scout |
| 26:47 | Crear | Villager (Male) |
| 26:47 | Crear | Villager (Male) |
| 26:47 | Crear | Villager (Male) |
| 27:44 | Investigar | Padded Archer Armor |
| 27:48 | Crear | Cavalry Archer |
| 27:48 | Crear | Cavalry Archer |
| 27:50 | Crear | Villager (Male) |
| 27:51 | Crear | Villager (Male) |
| 28:02 | Construir | Town Center |
| 30:31 | Crear | Villager (Male) |
| 30:32 | Crear | Villager (Male) |
| 30:32 | Crear | Villager (Male) |
| 30:32 | Crear | Villager (Male) |
| 30:32 | Crear | Villager (Male) |
| 30:37 | Investigar | Leather Archer Armor |
| 30:37 | Investigar | Leather Archer Armor |
| 30:40 | Crear | Cavalry Archer |
| 30:40 | Crear | Cavalry Archer |
| 31:47 | Crear | Villager (Male) |
| 31:48 | Crear | Villager (Male) |
| 31:48 | Crear | Villager (Male) |
| 31:48 | Crear | Villager (Male) |
| 31:48 | Crear | Villager (Male) |
| 31:49 | Crear | Villager (Male) |
| 31:52 | Crear | Camel Scout |
| 31:52 | Crear | Camel Scout |
| 31:52 | Crear | Camel Scout |
Build order — asd
Primeras 150 de 356 acciones detectadas
| 0:01 | Crear | Villager (Male) |
| 0:01 | Crear | Villager (Male) |
| 0:03 | Construir | House |
| 0:04 | Construir | House |
| 0:08 | Crear | Villager (Male) |
| 0:39 | Crear | Villager (Male) |
| 1:38 | Crear | Villager (Male) |
| 1:54 | Construir | Lumber Camp |
| 1:58 | Crear | Villager (Male) |
| 2:27 | Crear | Villager (Male) |
| 2:28 | Crear | Villager (Male) |
| 3:14 | Crear | Villager (Male) |
| 3:15 | Crear | Villager (Male) |
| 3:50 | Construir | House |
| 4:03 | Crear | Villager (Male) |
| 4:37 | Crear | Villager (Male) |
| 4:38 | Crear | Villager (Male) |
| 5:01 | Crear | Villager (Male) |
| 5:17 | Crear | Villager (Male) |
| 5:53 | Construir | Mill |
| 6:42 | Crear | Villager (Male) |
| 6:43 | Crear | Villager (Male) |
| 6:43 | Crear | Villager (Male) |
| 7:08 | Crear | Villager (Male) |
| 7:22 | Construir | House |
| 7:33 | Investigar | Loom |
| 8:00 | Crear | Villager (Male) |
| 8:34 | Investigar | Feudal Age |
| 8:34 | Investigar | Feudal Age |
| 9:31 | Construir | Barracks |
| 10:08 | Construir | Mining Camp |
| 10:44 | Edad | Edad Feudal |
| 10:48 | Investigar | Wheelbarrow |
| 11:03 | Construir | House |
| 11:14 | Investigar | Double-Bit Axe |
| 11:28 | Construir | Archery Range |
| 11:32 | Investigar | Horse Collar |
| 11:37 | Crear | Villager (Male) |
| 11:37 | Crear | Villager (Male) |
| 12:14 | Crear | Villager (Male) |
| 12:24 | Construir | Archery Range |
| 12:35 | Crear | Archer |
| 12:40 | Crear | Villager (Male) |
| 13:18 | Crear | Villager (Male) |
| 13:21 | Crear | Archer |
| 13:23 | Crear | Archer |
| 13:36 | Construir | Blacksmith |
| 13:53 | Crear | Archer |
| 14:01 | Crear | Archer |
| 14:01 | Crear | Archer |
| 14:29 | Construir | House |
| 15:00 | Crear | Archer |
| 15:08 | Investigar | Padded Archer Armor |
| 15:12 | Crear | Archer |
| 15:45 | Crear | Archer |
| 15:54 | Construir | Farm |
| 15:54 | Construir | Farm |
| 15:55 | Construir | Farm |
| 15:55 | Construir | Farm |
| 16:08 | Construir | House |
| 16:20 | Crear | Archer |
| 16:23 | Crear | Archer |
| 17:26 | Crear | Archer |
| 17:26 | Crear | Archer |
| 17:32 | Crear | Villager (Male) |
| 17:33 | Crear | Villager (Male) |
| 17:33 | Crear | Villager (Male) |
| 17:33 | Crear | Villager (Male) |
| 17:43 | Crear | Villager (Male) |
| 18:25 | Crear | Archer ×2 |
| 18:33 | Construir | House |
| 18:44 | Construir | Palisade Wall |
| 19:10 | Crear | Militia |
| 20:00 | Crear | Archer |
| 20:01 | Crear | Archer |
| 20:32 | Investigar | Fletching |
| 21:33 | Crear | Villager (Male) |
| 21:33 | Crear | Villager (Male) |
| 21:34 | Crear | Villager (Male) |
| 21:34 | Crear | Villager (Male) |
| 21:47 | Crear | Archer |
| 21:48 | Crear | Archer |
| 21:48 | Crear | Archer |
| 21:52 | Crear | Archer |
| 22:07 | Crear | Villager (Male) |
| 22:07 | Crear | Villager (Male) |
| 22:15 | Construir | Farm |
| 22:16 | Construir | Farm |
| 22:22 | Construir | Farm |
| 22:22 | Construir | Farm |
| 22:23 | Construir | Farm |
| 22:24 | Construir | Farm |
| 22:51 | Crear | Archer |
| 22:51 | Crear | Archer |
| 23:33 | Construir | Farm |
| 23:37 | Construir | Farm |
| 23:46 | Crear | Archer |
| 23:50 | Crear | Archer |
| 24:06 | Construir | House |
| 24:13 | Construir | House |
| 24:18 | Crear | Archer |
| 24:19 | Crear | Archer |
| 25:03 | Crear | Archer |
| 25:04 | Crear | Archer |
| 25:08 | Construir | House |
| 25:39 | Construir | Stone Wall |
| 25:53 | Crear | Archer |
| 25:53 | Crear | Archer |
| 26:36 | Crear | Archer |
| 26:36 | Crear | Archer |
| 26:36 | Crear | Archer |
| 26:37 | Crear | Archer |
| 26:48 | Construir | Market |
| 27:20 | Crear | Archer |
| 27:20 | Crear | Archer |
| 27:44 | Crear | Militia |
| 27:44 | Crear | Archer |
| 27:45 | Crear | Archer |
| 28:17 | Crear | Archer |
| 28:27 | Crear | Archer |
| 28:31 | Investigar | Town Watch |
| 28:38 | Construir | Farm |
| 28:41 | Construir | Farm |
| 28:42 | Construir | Farm |
| 28:42 | Construir | Farm |
| 28:48 | Crear | Villager (Male) |
| 28:50 | Crear | Villager (Male) |
| 29:11 | Construir | Stone Wall |
| 29:20 | Construir | Gate |
| 29:23 | Crear | Archer |
| 29:24 | Crear | Archer |
| 29:39 | Crear | Villager (Male) |
| 29:57 | Crear | Archer |
| 29:57 | Crear | Archer |
| 30:30 | Investigar | Castle Age |
| 30:30 | Investigar | Castle Age |
| 30:44 | Construir | House |
| 30:55 | Construir | Mining Camp |
| 31:19 | Crear | Trade Cart |
| 31:20 | Crear | Trade Cart |
| 31:41 | Crear | Trade Cart |
| 31:51 | Construir | Farm |
| 32:05 | Construir | House |
| 32:09 | Construir | House |
| 32:12 | Crear | Villager (Male) |
| 32:24 | Investigar | Gold Mining |
| 32:48 | Crear | Trade Cart |
| 32:53 | Construir | House |
| 33:10 | Edad | Edad de los Castillos |
| 33:14 | Investigar | Crossbowman (upgrade) |
Build order — imamess
Primeras 150 de 970 acciones detectadas
| 0:01 | Crear | Villager (Male) |
| 0:01 | Crear | Villager (Male) |
| 0:01 | Crear | Villager (Male) |
| 0:02 | Crear | Villager (Male) |
| 0:03 | Construir | House |
| 0:05 | Construir | House |
| 1:40 | Crear | Villager (Male) |
| 1:40 | Crear | Villager (Male) |
| 1:40 | Crear | Villager (Male) |
| 1:49 | Crear | Villager (Male) |
| 1:49 | Crear | Villager (Male) |
| 1:49 | Crear | Villager (Male) |
| 2:00 | Construir | Lumber Camp |
| 2:32 | Crear | Villager (Male) |
| 2:32 | Crear | Villager (Male) |
| 2:40 | Crear | Villager (Male) |
| 2:40 | Crear | Villager (Male) |
| 3:25 | Crear | Villager (Male) |
| 3:25 | Crear | Villager (Male) |
| 3:25 | Crear | Villager (Male) |
| 3:56 | Crear | Villager (Male) |
| 3:56 | Crear | Villager (Male) |
| 4:10 | Construir | House |
| 4:16 | Crear | Villager (Male) |
| 4:16 | Crear | Villager (Male) |
| 4:17 | Crear | Villager (Male) |
| 4:45 | Construir | Mill |
| 6:08 | Crear | Villager (Male) |
| 6:08 | Crear | Villager (Male) |
| 6:08 | Crear | Villager (Male) |
| 6:08 | Crear | Villager (Male) |
| 6:09 | Crear | Villager (Male) |
| 6:09 | Crear | Villager (Male) |
| 6:09 | Crear | Villager (Male) |
| 6:13 | Construir | House |
| 6:14 | Construir | House |
| 6:27 | Crear | Villager (Male) |
| 6:27 | Crear | Villager (Male) |
| 6:27 | Crear | Villager (Male) |
| 7:28 | Crear | Villager (Male) |
| 7:28 | Crear | Villager (Male) |
| 7:29 | Crear | Villager (Male) |
| 7:29 | Crear | Villager (Male) |
| 7:29 | Crear | Villager (Male) |
| 7:43 | Crear | Villager (Male) |
| 8:33 | Crear | Villager (Male) |
| 8:33 | Crear | Villager (Male) |
| 8:33 | Crear | Villager (Male) |
| 8:33 | Crear | Villager (Male) |
| 8:33 | Crear | Villager (Male) |
| 8:34 | Crear | Villager (Male) |
| 8:42 | Construir | Mining Camp |
| 8:52 | Investigar | Feudal Age |
| 8:54 | Investigar | Loom |
| 9:04 | Crear | Villager (Male) |
| 9:04 | Crear | Villager (Male) |
| 9:04 | Crear | Villager (Male) |
| 10:13 | Construir | Barracks |
| 10:34 | Construir | House |
| 10:36 | Construir | House |
| 10:40 | Construir | House |
| 10:47 | Crear | Villager (Male) |
| 10:47 | Crear | Villager (Male) |
| 11:13 | Edad | Edad Feudal |
| 11:15 | Investigar | Double-Bit Axe |
| 11:45 | Construir | Stable |
| 11:50 | Crear | Villager (Male) |
| 11:50 | Crear | Villager (Male) |
| 11:51 | Crear | Villager (Male) |
| 11:51 | Crear | Villager (Male) |
| 11:51 | Crear | Villager (Male) |
| 11:51 | Crear | Villager (Male) |
| 11:56 | Construir | Farm |
| 11:56 | Construir | Farm |
| 11:56 | Construir | Farm |
| 11:57 | Construir | Farm |
| 11:57 | Construir | Farm |
| 11:57 | Construir | Farm |
| 11:57 | Construir | Farm |
| 12:53 | Construir | Blacksmith |
| 13:13 | Construir | Farm |
| 13:13 | Construir | Farm |
| 13:13 | Construir | Farm |
| 13:14 | Construir | Farm |
| 13:14 | Construir | Farm |
| 13:14 | Construir | Farm |
| 13:15 | Construir | Farm |
| 13:23 | Crear | Villager (Male) |
| 13:23 | Crear | Villager (Male) |
| 13:23 | Crear | Villager (Male) |
| 13:23 | Crear | Villager (Male) |
| 13:31 | Crear | Scout Cavalry |
| 13:31 | Crear | Scout Cavalry |
| 13:32 | Crear | Scout Cavalry |
| 13:32 | Crear | Scout Cavalry |
| 13:45 | Construir | Mining Camp |
| 13:59 | Construir | Farm |
| 13:59 | Construir | Farm |
| 13:59 | Construir | Farm |
| 13:59 | Construir | Farm |
| 14:00 | Construir | Farm |
| 14:00 | Construir | Farm |
| 14:00 | Construir | Farm |
| 14:00 | Construir | Farm |
| 14:01 | Construir | Farm |
| 14:29 | Construir | Farm |
| 14:29 | Construir | Farm |
| 14:30 | Construir | Farm |
| 14:30 | Construir | Farm |
| 14:30 | Construir | Farm |
| 14:31 | Construir | Farm |
| 14:31 | Construir | Farm |
| 14:31 | Construir | Farm |
| 14:31 | Construir | Farm |
| 14:31 | Construir | Farm |
| 14:38 | Crear | Militia |
| 14:39 | Crear | Militia |
| 15:12 | Construir | Market |
| 15:29 | Construir | Market |
| 15:57 | Crear | Villager (Male) |
| 16:02 | Construir | Farm |
| 16:02 | Construir | Farm |
| 16:02 | Construir | Farm |
| 16:03 | Construir | Farm |
| 16:03 | Construir | Farm |
| 16:03 | Construir | Farm |
| 16:03 | Construir | Farm |
| 16:03 | Construir | Farm |
| 16:04 | Construir | Farm |
| 16:22 | Construir | Lumber Camp |
| 16:33 | Crear | Spearman |
| 16:33 | Crear | Spearman |
| 16:33 | Crear | Spearman |
| 16:34 | Crear | Spearman |
| 16:47 | Construir | House |
| 16:48 | Construir | House |
| 16:50 | Construir | House |
| 16:52 | Construir | House |
| 16:53 | Construir | House |
| 17:44 | Crear | Scout Cavalry |
| 17:44 | Crear | Scout Cavalry |
| 17:44 | Crear | Scout Cavalry |
| 18:23 | Construir | Farm |
| 18:24 | Construir | Farm |
| 18:24 | Construir | Farm |
| 18:24 | Construir | Farm |
| 18:24 | Construir | Farm |
| 18:24 | Construir | Farm |
| 18:25 | Construir | Farm |
| 18:30 | Crear | Scout Cavalry |
Build order — humanizli
Primeras 150 de 728 acciones detectadas
| 0:02 | Crear | Villager (Male) |
| 0:03 | Crear | Villager (Male) |
| 0:03 | Crear | Villager (Male) |
| 0:03 | Crear | Villager (Male) |
| 0:03 | Crear | Villager (Male) |
| 0:05 | Construir | House |
| 0:08 | Construir | House |
| 1:30 | Crear | Villager (Male) |
| 1:30 | Crear | Villager (Male) |
| 1:30 | Crear | Villager (Male) |
| 1:31 | Crear | Villager (Male) |
| 1:54 | Crear | Villager (Male) |
| 1:54 | Crear | Villager (Male) |
| 2:31 | Crear | Villager (Male) |
| 2:40 | Crear | Villager (Male) |
| 2:40 | Crear | Villager (Male) |
| 3:03 | Construir | House |
| 3:05 | Construir | House |
| 3:06 | Crear | Villager (Male) |
| 3:06 | Crear | Villager (Male) |
| 3:13 | Crear | Villager (Male) |
| 3:13 | Crear | Villager (Male) |
| 3:35 | Crear | Villager (Male) |
| 3:36 | Crear | Villager (Male) |
| 3:54 | Construir | Lumber Camp |
| 4:10 | Crear | Villager (Male) |
| 4:11 | Crear | Villager (Male) |
| 4:11 | Crear | Villager (Male) |
| 4:55 | Crear | Villager (Male) |
| 4:55 | Crear | Villager (Male) |
| 5:07 | Crear | Villager (Male) |
| 5:08 | Crear | Villager (Male) |
| 5:08 | Crear | Villager (Male) |
| 5:33 | Construir | House |
| 5:34 | Crear | Villager (Male) |
| 5:34 | Crear | Villager (Male) |
| 5:34 | Crear | Villager (Male) |
| 6:13 | Construir | Mill |
| 6:14 | Crear | Villager (Male) |
| 6:14 | Crear | Villager (Male) |
| 6:56 | Crear | Villager (Male) |
| 6:56 | Crear | Villager (Male) |
| 8:07 | Construir | Barracks |
| 8:10 | Construir | House |
| 8:12 | Crear | Villager (Male) |
| 8:42 | Investigar | Feudal Age |
| 9:23 | Construir | House |
| 10:11 | Construir | House |
| 10:16 | Crear | Villager (Male) |
| 10:16 | Crear | Villager (Male) |
| 10:18 | Crear | Villager (Male) |
| 10:19 | Crear | Villager (Male) |
| 10:27 | Construir | Farm |
| 10:34 | Construir | Farm |
| 10:52 | Edad | Edad Feudal |
| 10:54 | Construir | Stable |
| 11:00 | Construir | Stable |
| 11:01 | Crear | Villager (Male) |
| 11:01 | Crear | Villager (Male) |
| 11:02 | Crear | Villager (Male) |
| 11:02 | Crear | Villager (Male) |
| 11:11 | Construir | Farm |
| 11:18 | Construir | Farm |
| 11:35 | Crear | Villager (Male) |
| 11:35 | Crear | Villager (Male) |
| 11:54 | Crear | Scout Cavalry |
| 11:55 | Crear | Scout Cavalry |
| 12:06 | Crear | Villager (Male) |
| 12:06 | Crear | Villager (Male) |
| 12:11 | Construir | Farm |
| 12:24 | Crear | Scout Cavalry |
| 12:24 | Crear | Scout Cavalry |
| 12:40 | Crear | Scout Cavalry ×2 |
| 12:40 | Crear | Scout Cavalry ×2 |
| 12:40 | Crear | Scout Cavalry ×2 |
| 12:43 | Construir | Farm |
| 13:10 | Crear | Scout Cavalry |
| 13:10 | Crear | Scout Cavalry |
| 13:11 | Crear | Scout Cavalry |
| 13:20 | Construir | Blacksmith |
| 13:35 | Construir | Farm |
| 13:36 | Crear | Villager (Male) |
| 13:37 | Crear | Villager (Male) |
| 13:37 | Crear | Villager (Male) |
| 13:58 | Crear | Scout Cavalry |
| 13:58 | Crear | Scout Cavalry |
| 13:58 | Crear | Scout Cavalry |
| 14:49 | Construir | Farm |
| 14:51 | Construir | Farm |
| 14:54 | Crear | Scout Cavalry ×3 |
| 14:54 | Crear | Scout Cavalry |
| 15:35 | Construir | Farm |
| 15:36 | Construir | Farm |
| 15:48 | Construir | Farm |
| 15:49 | Construir | Farm |
| 15:51 | Construir | Farm |
| 15:52 | Construir | Farm |
| 15:54 | Construir | Farm |
| 15:56 | Construir | Farm |
| 15:58 | Construir | Farm |
| 16:19 | Investigar | Scale Barding Armor |
| 16:37 | Investigar | Double-Bit Axe |
| 17:29 | Construir | Market |
| 17:31 | Crear | Villager (Male) |
| 17:32 | Crear | Villager (Male) |
| 17:32 | Crear | Villager (Male) |
| 17:32 | Crear | Villager (Male) |
| 17:45 | Investigar | Bloodlines |
| 18:05 | Crear | Villager (Male) |
| 18:55 | Construir | Farm |
| 19:21 | Construir | House |
| 19:22 | Construir | House |
| 19:45 | Construir | Farm |
| 20:00 | Investigar | Castle Age |
| 20:01 | Construir | Farm |
| 21:22 | Crear | Scout Cavalry ×5 |
| 21:22 | Crear | Scout Cavalry ×5 |
| 21:22 | Crear | Scout Cavalry |
| 21:51 | Investigar | Horse Collar |
| 22:37 | Crear | Scout Cavalry ×4 |
| 22:38 | Crear | Scout Cavalry ×4 |
| 22:40 | Edad | Edad de los Castillos |
| 22:48 | Construir | Town Center |
| 23:00 | Crear | Villager (Male) |
| 23:00 | Crear | Villager (Male) |
| 23:13 | Crear | Villager (Male) |
| 23:13 | Crear | Villager (Male) |
| 23:13 | Crear | Villager (Male) |
| 23:44 | Crear | Villager (Male) |
| 23:44 | Crear | Villager (Male) |
| 23:44 | Crear | Villager (Male) |
| 24:07 | Crear | Villager (Male) |
| 24:07 | Crear | Villager (Male) |
| 24:08 | Crear | Villager (Male) |
| 24:08 | Crear | Villager (Male) |
| 24:18 | Crear | Villager (Male) |
| 24:18 | Crear | Villager (Male) |
| 24:29 | Crear | Villager (Male) |
| 24:29 | Crear | Villager (Male) |
| 24:33 | Construir | Town Center |
| 24:51 | Construir | House |
| 25:05 | Crear | Villager (Male) |
| 25:05 | Crear | Villager (Male) |
| 25:05 | Crear | Villager (Male) |
| 25:09 | Crear | Villager (Male) |
| 25:10 | Crear | Villager (Male) |
| 25:10 | Crear | Villager (Male) |
| 25:23 | Crear | Villager (Male) |
| 25:23 | Crear | Villager (Male) |
| 26:31 | Construir | Farm |
Build order — Faltyn
Primeras 150 de 350 acciones detectadas
| 0:10 | Construir | House |
| 0:48 | Construir | House |
| 0:51 | Crear | Villager (Male) |
| 0:51 | Crear | Villager (Male) |
| 0:52 | Crear | Villager (Male) |
| 0:52 | Crear | Villager (Male) |
| 0:52 | Crear | Villager (Male) |
| 0:52 | Crear | Villager (Male) |
| 1:47 | Construir | Lumber Camp |
| 2:11 | Crear | Villager (Male) |
| 2:36 | Crear | Villager (Male) |
| 3:08 | Crear | Villager (Male) |
| 3:55 | Crear | Villager (Male) |
| 4:19 | Investigar | Loom |
| 4:20 | Crear | Villager (Male) |
| 4:36 | Construir | Mill |
| 6:13 | Crear | Villager (Male) |
| 6:13 | Crear | Villager (Male) |
| 6:14 | Crear | Villager (Male) |
| 6:14 | Crear | Villager (Male) |
| 6:14 | Crear | Villager (Male) |
| 6:39 | Construir | House |
| 6:43 | Construir | House |
| 7:53 | Construir | Barracks |
| 8:11 | Construir | Mining Camp |
| 8:22 | Crear | Villager (Male) |
| 8:22 | Crear | Villager (Male) |
| 9:13 | Investigar | Feudal Age |
| 10:31 | Crear | Villager (Male) |
| 10:31 | Crear | Villager (Male) |
| 10:32 | Crear | Villager (Male) |
| 10:32 | Crear | Villager (Male) |
| 10:47 | Construir | Mining Camp |
| 11:17 | Edad | Edad Feudal |
| 11:46 | Investigar | Double-Bit Axe |
| 11:52 | Investigar | Horse Collar |
| 12:18 | Construir | Watch Tower |
| 12:48 | Crear | Villager (Male) |
| 12:48 | Crear | Villager (Male) |
| 13:20 | Construir | House |
| 13:22 | Construir | House |
| 13:25 | Construir | House |
| 13:38 | Construir | Stone Wall |
| 13:56 | Construir | Farm |
| 14:07 | Crear | Villager (Male) |
| 14:07 | Crear | Villager (Male) |
| 14:16 | Crear | Spearman |
| 14:16 | Crear | Spearman |
| 14:16 | Crear | Spearman |
| 15:49 | Construir | Farm |
| 15:54 | Construir | Farm |
| 15:55 | Crear | Villager (Male) |
| 16:54 | Construir | Stone Wall |
| 17:11 | Construir | Farm |
| 17:24 | Crear | Spearman |
| 17:25 | Crear | Spearman |
| 17:26 | Crear | Spearman |
| 17:26 | Crear | Spearman |
| 17:26 | Crear | Spearman |
| 18:52 | Crear | Militia |
| 18:54 | Crear | Militia |
| 18:54 | Crear | Militia |
| 18:54 | Crear | Militia |
| 18:54 | Crear | Militia |
| 18:55 | Crear | Militia |
| 20:15 | Construir | Watch Tower |
| 20:45 | Construir | Farm |
| 21:28 | Crear | Militia |
| 21:28 | Crear | Militia |
| 21:38 | Construir | Farm |
| 22:42 | Crear | Villager (Male) |
| 22:42 | Crear | Villager (Male) |
| 22:42 | Crear | Villager (Male) |
| 23:30 | Construir | Stone Wall |
| 23:45 | Construir | Farm |
| 23:58 | Construir | Archery Range |
| 24:11 | Construir | Farm |
| 25:00 | Crear | Archer |
| 25:01 | Crear | Archer |
| 25:01 | Crear | Archer |
| 25:01 | Crear | Archer |
| 25:01 | Crear | Archer |
| 25:02 | Crear | Archer |
| 25:46 | Construir | Blacksmith |
| 26:13 | Crear | Villager (Male) |
| 26:14 | Crear | Villager (Male) |
| 26:40 | Construir | Market |
| 26:51 | Construir | Farm |
| 27:13 | Construir | Stone Wall |
| 27:21 | Construir | Farm |
| 27:38 | Crear | Villager (Male) |
| 28:10 | Construir | Farm |
| 32:29 | Crear | Villager (Male) |
| 32:30 | Crear | Villager (Male) |
| 32:30 | Crear | Villager (Male) |
| 32:30 | Crear | Villager (Male) |
| 33:57 | Construir | Farm |
| 34:05 | Construir | Farm |
| 34:19 | Investigar | Castle Age |
| 34:45 | Crear | Villager (Male) |
| 34:45 | Crear | Villager (Male) |
| 34:45 | Crear | Villager (Male) |
| 34:46 | Crear | Villager (Male) |
| 35:36 | Crear | Skirmisher |
| 35:36 | Crear | Skirmisher |
| 35:37 | Crear | Skirmisher |
| 35:37 | Crear | Skirmisher |
| 35:37 | Crear | Skirmisher |
| 35:37 | Crear | Skirmisher |
| 35:38 | Crear | Skirmisher |
| 35:38 | Crear | Skirmisher |
| 35:38 | Crear | Skirmisher |
| 35:38 | Crear | Skirmisher |
| 35:39 | Crear | Skirmisher |
| 35:39 | Crear | Skirmisher |
| 36:44 | Edad | Edad de los Castillos |
| 36:55 | Construir | Castle |
| 37:33 | Investigar | Heavy Plow |
| 38:15 | Construir | Farm |
| 39:23 | Crear | Villager (Male) |
| 39:23 | Crear | Villager (Male) |
| 39:25 | Crear | Villager (Male) |
| 39:40 | Crear | War Elephant |
| 39:40 | Crear | War Elephant |
| 39:41 | Crear | War Elephant |
| 39:41 | Crear | War Elephant |
| 39:53 | Crear | Trade Cart |
| 39:53 | Crear | Trade Cart |
| 40:04 | Investigar | Bow Saw |
| 40:30 | Investigar | Padded Archer Armor |
| 40:46 | Construir | Farm |
| 41:19 | Crear | Villager (Male) |
| 41:19 | Crear | Villager (Male) |
| 42:22 | Crear | War Elephant |
| 42:22 | Crear | War Elephant |
| 42:23 | Crear | War Elephant |
| 42:23 | Crear | War Elephant |
| 43:33 | Crear | Skirmisher |
| 43:33 | Crear | Skirmisher |
| 43:33 | Crear | Skirmisher |
| 43:33 | Crear | Skirmisher |
| 43:34 | Crear | Skirmisher |
| 43:34 | Crear | Skirmisher |
| 43:34 | Crear | Skirmisher |
| 43:35 | Crear | Skirmisher |
| 43:35 | Crear | Skirmisher |
| 43:35 | Crear | Skirmisher |
| 43:35 | Crear | Skirmisher |
| 43:36 | Crear | Skirmisher |
| 43:36 | Crear | Skirmisher |
Cronología de la partida
| 7:53 | Faltyn · first_building Barracks |
| 7:56 | jirluk · first_building Barracks |
| 8:07 | humanizli · first_building Barracks |
| 8:40 | DeNNy · first_building Barracks |
| 9:31 | asd · first_building Barracks |
| 10:09 | DeNNy · age_up feudal |
| 10:13 | imamess · first_building Barracks |
| 10:36 | jirluk · age_up feudal |
| 10:39 | jirluk · first_building Stable |
| 10:44 | asd · age_up feudal |
| 10:52 | humanizli · age_up feudal |
| 10:54 | humanizli · first_building Stable |
| 11:13 | imamess · age_up feudal |
| 11:17 | Faltyn · age_up feudal |
| 11:27 | 1609318730 · age_up feudal |
| 11:28 | asd · first_building Archery Range |
| 11:37 | Juhlyana13 · first_building Stable |
| 11:45 | imamess · first_building Stable |
| 12:32 | 1609318730 · wall_segment Stone Wall x16 |
| 13:38 | Faltyn · wall_segment Stone Wall x14 |
| 13:47 | 1609318730 · first_building Barracks |
| 15:11 | DeNNy · wall_segment Palisade Wall x1 |
| 15:27 | 1609318730 · first_building Archery Range |
| 15:33 | DeNNy · first_market_buy 100 food |
| 16:26 | 1609318730 · first_building Stable |
| 16:29 | Juhlyana13 · first_building Archery Range |
| 16:39 | DeNNy · wall_segment Palisade Wall x1 |
| 16:54 | Faltyn · wall_segment Stone Wall x1 |
| 17:11 | DeNNy · first_building Archery Range |
| 18:28 | humanizli · first_market_sell 100 wood |
| 18:44 | asd · wall_segment Palisade Wall x16 |
| 19:18 | humanizli · first_market_buy 100 food |
| 19:47 | DeNNy · age_up castle |
| 20:44 | 1609318730 · wall_segment Stone Wall x14 |
| 21:23 | 1609318730 · wall_segment Stone Wall x10 |
| 21:28 | jirluk · first_building Archery Range |
| 21:42 | imamess · first_building Archery Range |
| 21:59 | imamess · first_market_sell 100 wood |
| 22:01 | imamess · first_market_buy 100 food |
| 22:40 | humanizli · age_up castle |
| 22:44 | 1609318730 · age_up castle |
| 23:30 | Faltyn · wall_segment Stone Wall x8 |
| 23:58 | Faltyn · first_building Archery Range |
| 24:52 | jirluk · age_up castle |
| 25:39 | asd · wall_segment Stone Wall x16 |
| 26:39 | DeNNy · first_building Siege Workshop |
| 27:01 | 1609318730 · first_building Castle |
| 27:13 | Faltyn · wall_segment Stone Wall x8 |
| 27:35 | 1609318730 · first_building Monastery |
| 27:58 | DeNNy · first_building Castle |
| 29:11 | asd · wall_segment Stone Wall x13 |
| 30:17 | Juhlyana13 · first_building Siege Workshop |
| 30:30 | imamess · age_up castle |
| 30:50 | imamess · first_building Castle |
| 31:04 | imamess · wall_segment Stone Wall x14 |
| 31:12 | imamess · wall_segment Stone Wall x12 |
| 31:17 | imamess · wall_segment Stone Wall x18 |
| 31:36 | 1609318730 · first_building Siege Workshop |
| 33:10 | asd · age_up castle |
| 33:34 | asd · first_building Siege Workshop |
| 33:52 | humanizli · first_building Castle |
| 34:20 | 1609318730 · age_up imperial |
| 34:36 | Juhlyana13 · first_building Castle |
| 35:49 | humanizli · first_building Monastery |
| 36:44 | Faltyn · age_up castle |
| 36:55 | Faltyn · first_building Castle |
| 37:08 | jirluk · first_building Monastery |
| 37:22 | Juhlyana13 · first_building Monastery |
| 39:14 | humanizli · first_building Siege Workshop |
| 41:00 | humanizli · age_up imperial |
| 41:33 | asd · wall_segment Stone Wall x7 |
| 42:18 | DeNNy · first_market_sell 100 wood |
| 43:02 | jirluk · first_building Castle |
| 44:08 | jirluk · first_building Siege Workshop |
| 44:46 | jirluk · age_up imperial |
| 45:21 | DeNNy · age_up imperial |
| 46:40 | Faltyn · wall_segment Stone Wall x4 |
| 48:07 | asd · wall_segment Stone Wall x1 |
| 48:58 | Juhlyana13 · first_market_sell 500 wood |
| 49:01 | asd · first_building Castle |
| 51:50 | imamess · first_building Siege Workshop |
| 55:19 | asd · first_building Stable |
| 55:39 | asd · first_market_sell 100 food |
| 59:05 | Faltyn · wall_segment Stone Wall x1 |
| 59:23 | DeNNy · first_building Stable |
| 61:34 | imamess · age_up imperial |
| 61:52 | Faltyn · wall_segment Stone Wall x14 |
| 65:44 | asd · first_building Monastery |
| 73:30 | 1609318730 · wall_segment Stone Wall x15 |
| 76:54 | asd · resign |
| 80:31 | Juhlyana13 · first_market_buy 500 wood |
[ ANÁLISIS IA · 1 CRÉDITO ]
¿Qué pasó realmente en esta partida?
Wolo.gg analiza cada decisión: build order, eco, micro, errores típicos por bracket. Análisis personalizado por WhatsApp o Discord en 30 segundos.
Guía civ
Vietnamitas
Perfil
Jugador #12110395